 Dungeon Crawl Stone Soup version 0.25.0-46-gbd7b0854d2 (webtiles) character file.

Game seed: 13920949812055624269

2134 protoss039 the Thaumaturge (level 9, -10/45 HPs)
             Began as a Deep Elf Earth Elementalist on July 14, 2020.
             Was a Follower of Vehumet.
             Mangled by a hornet (14 damage)
             ... on level 7 of the Dungeon.
             The game lasted 00:16:24 (6543 turns).

protoss039 the Thaumaturge (DEEE)                   Turns: 6543, Time: 00:16:25

Health: -10/45     AC:  5    Str:  5    XL:     9   Next: 9%
Magic:  4/25       EV: 12    Int: 24    God:    Vehumet [*.....]
Gold:   157        SH:  0    Dex: 15    Spells: 14/29 levels left

rFire    . . .     SeeInvis .   e - +1 short sword (freeze)
rCold    + . .     Gourm    .   (no shield)
rNeg     . . .     Faith    .   z - +1 leather armour {rC+}
rPois    .         Spirit   .   (no helmet)
rElec    .         Reflect  .   (no cloak)
rCorr    +         Harm     .   s - +0 pair of gloves
MR       .....                  (no boots)
Stlth    ++........             m - amulet of regeneration
HPRegen  0.55/turn              l - ring of wizardry
MPRegen  0.19/turn              q - ring of resist corrosion

@: lethally poisoned (-10 -> -12), slowed, very slow
A: no striking features
a: Renounce Religion


You were on level 7 of the Dungeon.
You worshipped Vehumet.
Vehumet was aware of your devotion.
You were hungry.

You visited 2 branches of the dungeon, and saw 8 of its levels.

You collected 290 gold pieces.
You spent 133 gold pieces at shops.

Inventory:

Hand Weapons
 e - a +1 short sword of freezing (weapon)
Missiles
 b - 232 stones (quivered)
Armour
 s - a +0 pair of gloves (worn)
 z - a +1 leather armour of cold resistance (worn)
Jewellery
 l - a ring of wizardry (left hand)
 m - an amulet of regeneration (around neck)
 o - an uncursed ring of ice
 q - a ring of resist corrosion (right hand)
Scrolls
 j - 3 scrolls of enchant weapon {unknown}
 n - 7 scrolls of teleportation
 p - 4 scrolls of remove curse
 x - a scroll of magic mapping
 y - a scroll of fog
 A - a scroll of immolation
 D - 2 scrolls of enchant armour {unknown}
 F - a scroll of vulnerability {unknown}
Potions
 a - a potion of invisibility {unknown}
 f - 2 potions of brilliance {unknown}
 g - 2 potions of magic
 i - a potion of might {unknown}
 k - 4 potions of heal wounds {unknown}
 t - a potion of mutation {unknown}
 u - a potion of haste {unknown}
 v - a potion of curing {unknown}
 w - a potion of cancellation {unknown}
 B - a potion of flight {unknown}
 C - 2 potions of lignification {unknown}
 G - a potion of berserk rage {unknown}
Comestibles
 c - 8 chunks of flesh
 d - 12 rations


   Skills:
 * Level 2.1 Armour
 - Level 3.0 Dodging
 - Level 3.0 Stealth
 + Level 10.9 Spellcasting
 - Level 3.0 Conjurations
 - Level 2.0 Transmutations
 + Level 8.7 Earth Magic


You had 14 spell levels left.
You knew the following spells:

 Your Spells              Type           Power        Failure   Level  Hunger
a - Sandblast             Erth           ######       1%          1    None
b - Passwall              Tmut/Erth      #####...     1%          2    None
c - Stone Arrow           Conj/Erth      #####.       1%          3    None
d - Petrify               Tmut/Erth      #####...     3%          4    None
e - Lee's Rapid Deconstr  Erth           ######....   2%          5    ####...

Your spell library contained the following spells:

 Spells                   Type           Power        Failure   Level  Hunger
 Freeze                   Ice            ##..         3%          1    None
 Recall                   Summ/Tloc      N/A          10%         3    None
 Borgnjor's Vile Clutch   Necr/Erth      ####......   14%         5    ####...
 Animate Dead             Necr           N/A          30%         4    None
 Death Channel            Necr           ##........   99%         6    #####..
 Simulacrum               Ice/Necr       ##........   99%         6    #####..


Dungeon Overview and Level Annotations

Branches:
Dungeon (7/15)             Temple (1/1) D:5

Altars:
Ashenzari
Cheibriados
Dithmenos
Elyvilon
Fedhas
Gozag
Hepliaklqana
Kikubaaqudgha
Makhleb
Nemelex Xobeh
Okawaru
Qazlal
Ru
Sif Muna
Trog
Uskayaw
Vehumet
Wu Jian
Xom
Yredelemnul
The Shining One

Shops:
D:4 *


Message History

You feel as though you will be slow longer.
Unknown command.
Unknown command.
Unknown command.
Okay, then.
Casting: Sandblast (safe; 1% risk of failure)
Confirm with . or Enter, or press ? or * to list all spells.
Aiming: Lee's Rapid Deconstruction (dangerous; 2% risk of failure)
Press: ? - help, Dir - move target cursor, p - hornet A rock wall.
The wall shatters!
The blast of rock fragments hits the hornet.
The hornet is lightly wounded.
The blast of rock fragments hits the adder!!
You kill the adder!
Vehumet accepts your kill.
You feel sick.
You hear a shout! x3
The hornet stings you!
You die...

##.####..÷.......
#......###.######
#...÷..# #.......
#......# #<###...
#......# #+# .
###.###....##
..........#
#.####...##
#..@y.$.(.#
#.####....# ..
#....# ## ####.#
.# .#


You could see a hornet.

Vanquished Creatures
  A moth of wrath (D:4)
  Sigmund (D:6)
  2 ice beasts
  A phantom (D:4)
  A necrophage (D:5)
  3 ogres
  2 centaurs (D:5)
  2 bullfrogs
  2 scorpions
  A howler monkey (D:6)
  A bullfrog zombie (D:5)
  A hound (D:7)
  2 bullfrog skeletons (D:6)
  2 orc priests
  Jessica (D:3)
  An iguana (D:4)
  3 orc wizards
  2 worker ants
  4 gnolls (D:4)
  8 adders
  A shadow imp (D:7)
  2 oozes
  2 worms
  4 dart slugs
  5 leopard geckos
  10 orcs
  6 giant cockroaches
  7 goblins
  5 hobgoblins
  13 jackals
  3 quokkas
  3 ball pythons
  5 bats
  4 frilled lizards (D:3)
  A giant cockroach zombie (D:5)
  A jackal skeleton (D:5)
  9 kobolds
  2 leopard gecko skeletons
  2 quokka zombies (D:6)
  9 rats
135 creatures vanquished.

Notes
Turn   | Place    | Note
-------+----------+-------------------------------------------
     0 | D:1      | protoss039 the Deep Elf Earth Elementalist began the quest
                  | for the Orb.
     0 | D:1      | Reached XP level 1. HP: 10/10 MP: 6/6
   291 | D:1      | Reached XP level 2. HP: 10/15 MP: 5/8
  1166 | D:2      | Reached XP level 3. HP: 11/19 MP: 5/9
  1976 | D:2      | Learned a level 2 spell: Passwall
  1980 | D:2      | Learned a level 3 spell: Stone Arrow
  2088 | D:3      | Noticed Jessica
  2092 | D:3      | Killed Jessica
  2092 | D:3      | Reached skill level 4 in Spellcasting
  2092 | D:3      | Reached XP level 4. HP: 24/24 MP: 7/12
  2497 | D:3      | Reached XP level 5. HP: 28/28 MP: 8/14
  2556 | D:3      | Reached skill level 5 in Earth Magic
  2955 | D:3      | Found a sparkling altar of Nemelex Xobeh.
  3100 | D:4      | Reached skill level 5 in Spellcasting
  3380 | D:4      | Noticed an ogre
  3387 | D:4      | Killed an ogre
  3387 | D:4      | Reached skill level 6 in Spellcasting
  3387 | D:4      | Reached XP level 6. HP: 4/32 MP: 4/17
  3556 | D:4      | Found Poeloxzeij's General Store.
  3632 | D:4      | Bought a scroll of magic mapping for 49 gold pieces
  3632 | D:4      | Bought a scroll of teleportation for 42 gold pieces
  3632 | D:4      | Bought a scroll of teleportation for 42 gold pieces
  3676 | D:4      | Reached skill level 1 in Conjurations
  3909 | D:4      | Reached XP level 7. HP: 36/36 MP: 7/19
  4000 | D:4      | Reached skill level 7 in Spellcasting
  4196 | D:4      | Noticed a moth of wrath
  4209 | D:4      | Found a bloodstained altar of Trog.
  4226 | D:4      | Learned a level 4 spell: Petrify
  4232 | D:4      | Learned a level 5 spell: Lee's Rapid Deconstruction
  4233 | D:4      | Killed a moth of wrath
  4233 | D:4      | Reached skill level 8 in Spellcasting
  4399 | D:5      | Entered Level 5 of the Dungeon
  4402 | D:5      | Reached XP level 8. HP: 37/41 MP: 18/22
  4482 | D:5      | Reached skill level 9 in Spellcasting
  4595 | D:5      | Found a staircase to the Ecumenical Temple.
  4608 | Temple   | Entered the Ecumenical Temple
  4769 | D:5      | Found a glowing golden altar of the Shining One.
  5009 | D:5      | Found a radiant altar of Vehumet.
  5009 | D:5      | Found an ancient bone altar of Kikubaaqudgha.
  5009 | D:5      | Found a bloodstained altar of Trog.
  5045 | D:5      | Became a worshipper of Vehumet
  5509 | D:6      | Reached skill level 1 in Armour
  5698 | D:6      | Reached skill level 10 in Spellcasting
  6016 | D:6      | Noticed Sigmund
  6018 | D:6      | Killed Sigmund
  6138 | D:6      | Reached * piety under Vehumet
  6138 | D:6      | Offered knowledge of Freeze by Vehumet.
  6514 | D:7      | Reached XP level 9. HP: 45/45 MP: 15/25
  6543 | D:7      | Mangled by a hornet

Illustrated notes

Levels and vault maps discovered:
D:1:      heliophobic_arrival_enchanted_forest, layout_rooms
D:2:      layout_loops_ring, first_ration, minmay_cupped
D:3:      layout_loops_corners, overflow_temple_1_default, minivault_23,
          minmay_hedge_maze, item_on_display_a, uniq_jessica
D:4:      layout_rooms, serial_shops, nicolae_shop_statue_plus, tgw_trog
D:5:      layout_basic, lemuel_coloured_pillars_altar,
          gammafunk_temple_overflow_forgotten, minmay_temple_entry_slanted
D:6:      layout_basic, grunt_decor_cap, uniq_sigmund
D:7:      layout_basic, the_bakery, st_stairs_14, minmay_diced_spiral,
          uniq_menkaure
Temple:   nicolae_temple_x_marks_the_god

Skill      XL: |  1  2  3  4  5  6  7  8 |
---------------+-------------------------+-----
Dodging        | 3 |  3.0
Stealth        | 3 |  3.0
Earth Magic    | 4 5 6 7 8 |  8.7
Spellcasting   | 4 6 8 10 | 10.9
Conjurations   | 1 2 3 |  3.0
Armour         | 2 |  2.1
Transmutations | 2 |  2.0

Action                   |  1- 3 |  4- 6 |  7- 9 || total
-------------------------+-------+-------+-------++-------
Melee: Short sword       |    69 |    50 |     2 ||   121
       Unarmed           |     1 |       |       ||     1
 Cast: Sandblast         |    31 |    33 |    45 ||   109
       Stone Arrow       |     1 |    15 |    29 ||    45
       Passwall          |       |     2 |       ||     2
       Lee's Rapid Decon |       |       |     7 ||     7
  Use: Scroll            |       |     1 |     4 ||     5
       Potion            |       |     1 |       ||     1
 Stab: Sleeping          |     9 |     2 |     1 ||    12
  Eat: Chunk             |     4 |     6 |     8 ||    18
Armor: Robe              |    27 |     7 |     2 ||    36
       Leather armour    |       |       |     2 ||     2
Dodge: Dodged            |    65 |    39 |    13 ||   117
